 Dungeon Crawl Stone Soup version 0.25.1-2-g60ff931df9 (webtiles) character file.

Game seed: 4913257476169585842

585746 MilkNation the Axe Maniac (level 26, -6/399 HPs)
             Began as a Minotaur Berserker on Nov 5, 2020.
             Was the Champion of Trog.
             Mangled by a golden dragon (39 damage)
             ... on level 3 of the Realm of Zot on Nov 6, 2020.
             The game lasted 05:22:11 (75910 turns).

MilkNation the Axe Maniac (Minotaur Berserker)     Turns: 75910, Time: 05:22:11

Health: -6/399     AC: 41    Str: 30    XL:     26   Next: 7%
Magic:  6/22       EV:  2    Int:  3    God:    Trog [******]
Gold:   9519       SH:  5    Dex: 13    Spells: 25/25 levels left

rFire    . . .     SeeInvis +   e - +9 executioner's axe (freeze)
rCold    . . .     Gourm    .   (shield currently unavailable)
rNeg     + + +     Faith    .   (armour currently unavailable)
rPois    +         Spirit   .   (helmet currently unavailable)
rElec    +         Reflect  +   (cloak currently unavailable)
rCorr    .         Harm     .   (gloves currently unavailable)
MR       +....     Clarity  +   (boots currently unavailable) Stlth +.........NoTele +
                                t - amulet of reflection
HPRegen  1.16/turn              S - ring of Robustness {AC+8}
MPRegen  0.18/turn              x - ring of Buemob {+Fly rElec rN++ Int-2 SInv}

@: tree-form, berserk cooldown
A: (retaliatory headbutt), clarity, regeneration 1
}: 3/15 runes: decaying, silver, gossamer
a: Berserk, Trog's Hand, Brothers in Arms, Renounce Religion


You were on level 3 of the Realm of Zot.
You worshipped Trog.
Trog was exalted by your worship.
You were hungry.
You were a tree.
You visited 9 branches of the dungeon, and saw 47 of its levels.
You visited the Abyss 1 time.
You also visited: Trove.

You collected 10425 gold pieces.
You spent 906 gold pieces at shops.

Inventory:

Hand Weapons
 e - a +9 executioner's axe of freezing (weapon)
 i - a +5 executioner's axe of flaming
 J - the +9 executioner's axe of Gloom {antimagic, *Noise rElec SInv}
   (Trog gifted it to you on level 5 of the Vaults)

   It reduces the magical energy of the wielder, and disrupts the spells and
   magical abilities of those hit.
   Natural abilities and divine invocations are not affected.
   It insulates you from electricity.
   It lets you see invisible.
   It may make noises in combat.
Missiles
 k - 7 silver javelins
 v - 6 datura-tipped darts
 L - 4 throwing nets
 M - 106 poisoned darts
 Q - 16 curare-tipped darts (quivered)
 R - 9 javelins
 U - 24 atropa-tipped darts
 Y - 2 silver boomerangs
Armour
 f - a +0 cloak of magic resistance (melded)
 p - a +1 pair of gloves of strength (melded)
 r - a +1 hat of magic resistance (melded)
 N - a +1 pair of boots (melded)
 T - +11 gold dragon scales (melded)
 W - a scarf of repulsion
Jewellery
 t - an amulet of reflection (around neck)
 x - the ring of Buemob (right branch) {+Fly rElec rN++ Int-2 SInv}
   (You acquired it on level 2 of the Lair of Beasts)

   [ring of see invisible]

   It affects your intelligence (-2).
   It insulates you from electricity.
   It greatly protects you from negative energy.
   It lets you see invisible.
   It lets you fly.
 S - the ring of Robustness (left branch) {AC+8}
   (You took it off a deep elf high priest on level 3 of the Elven Halls)

   [ring of protection]

   It affects your AC (+8).
 V - the amulet of Sophism {rElec Regen+ Int+6}
   (You took it off a vault warden on level 5 of the Vaults)

   [amulet of regeneration]

   It affects your intelligence (+6).
   It insulates you from electricity.
   It increases your rate of regeneration.
Wands
 A - a wand of digging (25)
 E - a wand of polymorph (14)
 Z - a wand of iceblast (42)
Scrolls
 a - 2 scrolls of summoning
 g - 5 scrolls of blinking
 j - 12 scrolls of immolation
 l - 4 scrolls of holy word
 s - 4 scrolls of fear
 y - 25 scrolls of remove curse
 z - 7 scrolls of fog
 D - 24 scrolls of teleportation
 G - a scroll of silence
 H - 2 scrolls of brand weapon
 I - 2 scrolls of vulnerability
 K - 5 scrolls of magic mapping
 P - 13 scrolls of identify
 X - 6 scrolls of enchant weapon
Potions
 b - 8 potions of heal wounds
 d - 15 potions of curing
 h - 5 potions of invisibility
 m - 9 potions of lignification
 n - 5 potions of might
 o - 7 potions of flight
 u - 3 potions of berserk rage
 w - 7 potions of haste
 B - 3 potions of cancellation
 C - 7 potions of ambrosia
 F - 3 potions of resistance
 O - 9 potions of mutation
Comestibles
 c - 60 rations
 q - 2 chunks of flesh


   Skills:
 O Level 27 Fighting
 O Level 27 Axes
 * Level 19.2 Throwing
 O Level 27 Armour
 - Level 15.2 Dodging


You had 25 spell levels left.
You didn't know any spells.
Your spell library contained the following spells:

 Spells                   Type           Power        Failure   Level  Hunger
 Animate Skeleton         Necr           N/A          52%         1    ##.....
 Apportation              Tloc           #.....       52%         1    ##.....
 Beastly Appendage        Tmut           #.....       52%         1    ##.....
 Corona                   Hex            #......      52%         1    ##.....
 Foxfire                  Conj/Fire      #...         52%         1    ##.....
 Freeze                   Ice            #...         52%         1    ##.....
 Infusion                 Chrm           #...         52%         1    ##.....
 Magic Dart               Conj           #...         52%         1    ##.....
 Pain                     Necr           #...         52%         1    ##.....
 Sandblast                Erth           #.....       52%         1    ##.....
 Shock                    Conj/Air       #...         52%         1    ##.....
 Sting                    Tmut/Pois      #...         52%         1    ##.....
 Summon Butterflies       Summ           #.......     52%         1    ##.....
 Summon Small Mammal      Summ           #...         52%         1    ##.....
 Blink                    Tloc           N/A          67%         2    ###....
 Call Imp                 Summ           #.......     67%         2    ###....
 Ensorcelled Hibernation  Hex/Ice        #.....       67%         2    ###....
 Passwall                 Tmut/Erth      #.......     67%         2    ###....
 Poisonous Vapours        Pois/Air       #.....       67%         2    ###....
 Searing Ray              Conj           #.....       67%         2    ###....
 Shroud of Golubria       Chrm/Tloc      #.....       67%         2    ###....
 Slow                     Hex            #.......     67%         2    ###....
 Song of Slaying          Chrm           #.......     67%         2    ###....
 Sticks to Snakes         Tmut           #.......     67%         2    ###....
 Call Canine Familiar     Summ           #.......     88%         3    ####...
 Confusing Touch          Hex            #.......     88%         3    ####...
 Conjure Flame            Conj/Fire      #.......     88%         3    ####...
 Dazzling Flash           Conj/Hex       #.....       88%         3    ####...
 Frozen Ramparts          Ice            #.....       88%         3    ####...
 Ignite Poison            Fire/Tmut/Pois #.......     88%         3    ####...
 Inner Flame              Hex/Fire       #.......     88%         3    ####...
 Lesser Beckoning         Tloc           #.........   88%         3    ####...
 Mephitic Cloud           Conj/Pois/Air  #.......     88%         3    ####...
 Ozocubu's Armour         Chrm/Ice       #.......     88%         3    ####...
 Portal Projectile        Hex/Tloc       #.....       88%         3    ####...
 Spectral Weapon          Hex/Chrm       #.......     88%         3    ####...
 Spider Form              Tmut/Pois      #.........   88%         3    ####...
 Stone Arrow              Conj/Erth      #.....       88%         3    ####...
 Summon Guardian Golem    Hex/Summ       #.......     88%         3    ####...
 Tukima's Dance           Hex            #.......     88%         3    ####...
 Vampiric Draining        Necr           #.........   88%         3    ####...
 Animate Dead             Necr           N/A          99%         4    #####..
 Cause Fear               Hex            #.........   99%         4    #####..
 Fulminant Prism          Conj/Hex       #.........   99%         4    #####..
 Hailstorm                Conj/Ice       #.......     99%         4    #####..
 Ice Form                 Ice/Tmut       #.......     99%         4    #####..
 Iskenderun's Mystic Bla  Conj/Tloc      #.......     99%         4    #####..
 Leda's Liquefaction      Hex/Erth       #.........   99%         4    #####..
 Olgreb's Toxic Radiance  Pois           #.......     99%         4    #####..
 Petrify                  Tmut/Erth      #.......     99%         4    #####..
 Summon Ice Beast         Ice/Summ       #.......     99%         4    #####..
 Summon Lightning Spire   Summ/Air       #.......     99%         4    #####..
 Agony                    Necr           #.......     100%        5    ######.
 Alistair's Intoxication  Tmut/Pois      #.......     100%        5    ######.
 Blade Hands              Tmut           #.........   100%        5    ######.
 Bolt of Magma            Conj/Fire/Erth #.........   100%        5    ######.
 Lee's Rapid Deconstruct  Erth           #.........   100%        5    ######.
 Metabolic Englaciation   Hex/Ice        #.........   100%        5    ######.
 Summon Mana Viper        Hex/Summ       #.......     100%        5    ######.
 Freezing Cloud           Conj/Ice/Air   #.........   100%        6    #######
 Invisibility             Hex            #.......     100%        6    #######
 Iron Shot                Conj/Erth      #.........   100%        6    #######
 Ozocubu's Refrigeration  Ice            #.........   100%        6    #######
 Simulacrum               Ice/Necr       #.........   100%        6    #######
 Dragon Form              Tmut           #.........   100%        7    #######
 Haunt                    Necr/Summ      #.........   100%        7    #######
 Ring of Flames           Chrm/Fire      #.........   100%        7    #######
 Summon Hydra             Summ           #.........   100%        7    #######
 Borgnjor's Revivificati  Necr           #.........   100%        8    #######
 Death's Door             Chrm/Necr      #.........   100%        8    #######
 Infestation              Necr           #.........   100%        8    #######
 Necromutation            Tmut/Necr      #.........   100%        8    #######
 Dragon's Call            Summ           #.........   100%        9    #######


Dungeon Overview and Level Annotations

Branches:
Dungeon (15/15)            Temple (0/1) D:5            Lair (6/6) D:9
  Swamp (4/4) Lair:4       Spider (4/4) Lair:2        Slime (0/5) Lair:6
    Orc (2/2) D:10            Elf (3/3) Orc:2        Vaults (5/5) D:14
  Crypt (0/3) Vaults:3     Depths (5/5) D:15            Zot (3/5) Depths:5

Altars:
Cheibriados
Dithmenos
Elyvilon
Gozag
Hepliaklqana
Makhleb
Qazlal
Ru
Sif Muna
Zin
Beogh
Jiyva

Shops:
D:8 :   D:9 :   D:11 *   D:12 =   Orc:1 [   Orc:2 (}**   Elf:2 ?   Elf:3 **(}:
Vaults:3 (**   Depths:5 }=}

Portals:
Hell: Depths:1 Depths:2 Depths:3 Depths:4 Depths:5
Abyss: Depths:2 Depths:4
Pandemonium: Depths:1 Depths:3
Ziggurat: Depths:1

Annotations:
D:14 Boris


Innate Abilities, Weirdness & Mutations

((You reflexively headbutt those who attack you in melee.))
((You have a pair of horns on your head.))
You possess an exceptional clarity of mind.
Your natural rate of healing is unusually fast.
((You are resistant to electric shocks. (rElec)))


Message History

The moth of wrath dies!
Trog accepts your kill.
The golden dragon bites you but does no damage.
The golden dragon claws you but does no damage.
The golden dragon tramples you but does no damage.
The yellow draconian hits your stone giant with a +0 halberd!
Your stone giant hits the yellow draconian!!
The yellow draconian dies!
Trog accepts your kill. The golden dragon bites you!
* * * LOW HITPOINT WARNING * * *
The golden dragon claws you but does no damage.
The golden dragon tramples you!
* * * LOW HITPOINT WARNING * * *
You completely miss the golden dragon.
The golden dragon is almost dead.
You feel yourself speed up.
Your stone giant hits the purple draconian!
The golden dragon bites you!!!
You die...

.......+..##...##......###.......
.......##.'.....##.....###.......
.......'..##...#####....####...##
......##.####.### .##...## ######
.....##.... #'#.##..#....## ##.
#...####+##+#...☼°○.##....#####..
#### ##..○☼#..#......##... ##)###
###....#.... #.♣.# ######...# .
##D#....# .. #.... . +)d####.#.<.
##... . #Cd).## .... ###.. .
##.†q..#..... #.... .
#....d.....# #....
...|...#..q..## ##...
####..###...## ##.# #### ...d...
###


You could see a golden dragon (berserk), a yellow draconian, a purple draconian
(berserk), a white draconian, a black draconian scorcher and a friendly stone
giant (summoned, berserk).

Vanquished Creatures
  Mara (Depths:1)
  Mennas (Vaults:4)
  4 ancient liches
  Sojobo (Vaults:3)
  2 large abominations (Vaults:5)
  Boris (Vaults:2)
  Bai Suzhen (Spider:4)
  Saint Roka (D:15)
  Xtahua (Vaults:2)
  A curse toe (Zot:2)
  5 golden dragons
  Nikola (Spider:2)
  3 liches
  Arachne (Spider:1)
  Jorgrun (D:15)
  Asterion (Vaults:2)
  11 tentacled monstrosities
  2 deep elf blademasters
  2 titans (Vaults:5)
  2 deep elf master archers (Elf:3)
  5 death cobs
  3 thorn hunters
  Gastronok (D:9)
  Kirke (D:15)
  5 sphinxes
  12 storm dragons
  16 shadow dragons
  Agnes (Spider:1)
  12 tengu reavers
  2 draconian monks (Zot:3)
  7 frost giants
  9 fire giants
  Louise (D:15)
  4 deep elf sorcerers (Elf:3)
  2 orc warlords
  Aizul (Spider:3)
  7 emperor scorpions
  6 ghost moths
  2 draconian knights
  3 draconian shifters
  15 vault wardens
  3 deep elf elementalists (Elf:3)
  2 draconian stormcallers
  14 ironheart preservers
  3 war gargoyles
  5 draconian annihilators
  11 entropy weavers
  15 very ugly things
  16 stone giants
  2 vampire knights
  10 deep elf demonologists
  10 deep elf annihilators
  9 black draconians
  5 white draconians
  12 green draconians
  5 yellow draconians
  4 red draconians
  Snorg (D:10)
  5 purple draconians
  15 ettins
  7 deep elf death magi
  6 small abominations
  9 spark wasps
  10 deep elf high priests
  19 yaktaur captains
  15 fire dragons
  13 ogre magi
  10 great orbs of eyes
  A rakshasa (Abyss:4)
  16 hydras
  22 vault guards
  5 ghost crabs
  2 hell beasts
  Harold (D:8)
  A monstrous demonspawn (Depths:1)
  8 ice dragons
  4 centaur warriors
  3 spriggan air magi
  The ghost of Jaafuafa the Quickloader, a journeyman CeAM of Okawaru (D:10)
  3 death knights
  The ghost of Buchaag the Cleaver, a novice MiMo of Makhleb (D:13)
  20 alligators
  3 shambling mangroves
  34 dancing weapons
  6 deep troll earth magi
  6 deep troll shamans
  11 tengu warriors
  A death yak (shapeshifter) (Vaults:5)
  An anaconda (shapeshifter) (Vaults:3)
  35 two-headed ogres
  A queen ant (Spider:1)
  Urug (D:10)
  An orc high priest (Orc:2)
  4 death yaks (Lair:4)
  A shock serpent (shapeshifter) (Elf:2)
  7 hell knights (Depths:5)
  4 spriggan berserkers
  3 soul eaters
  36 deep elf knights
  A sun demon (Depths:3)
  A sixfirhy (Depths:1)
  Sonja (D:10)
  2 shadow wraiths
  5 skeletal warriors
  An iron troll (Depths:3)
  11 unseen horrors
  2 spriggan druids
  3 glowing orange brains
  A death drake (shapeshifter) (Vaults:5)
  4 flayed ghosts
  14 swamp dragons
  19 deep elf archers
  10 ironbrand convokers
  21 deep trolls
  6 wizards
  A harpy (shapeshifter) (Depths:4)
  7 necromancers
  A golden dragon skeleton (D:15)
  71 deep elf magi
  3 oklob plants (Lair:2)
  A frost giant zombie (D:15)
  6 phantasmal warriors
  Pikel (D:9)
  17 orc knights
  6 orc sorcerers
  18 orb spiders
  41 ugly things
  18 wolf spiders
  11 cyclopes
  2 manticores
  4 human zombies
  18 moths of wrath
  6 black mambas
  A black mamba (shapeshifter) (Vaults:2)
  13 vault sentinels
  A stone giant skeleton (D:15)
  6 elephants (Lair:3)
  An eye of devastation (shapeshifter) (Vaults:1)
  Joseph (Lair:1)
  A water nymph (shapeshifter) (Vaults:3)
  A smoke demon (Depths:1)
  Maggie (Lair:2)
  An orange demon (Depths:3)
  3 spiny frogs (shapeshifter)
  15 spiny frogs
  61 yaktaurs
  2 torpor snails
  4 rime drakes
  A tormentor (Depths:3)
  9 demonic crawlers
  8 freezing wraiths
  An efreet (D:13)
  A kobold demonologist (D:14)
  5 komodo dragons
  A komodo dragon (shapeshifter) (Elf:2)
  An ancient zyme (Abyss:4)
  A yaktaur skeleton (D:15)
  30 jumping spiders
  A tengu conjurer (D:15)
  A jumping spider (shapeshifter) (Elf:2)
  10 polar bears (Lair:6)
  A queen bee (shapeshifter) (Depths:4)
  A queen bee (D:13)
  12 trolls
  15 hornets
  A troll (shapeshifter) (D:15)
  3 meliai (shapeshifter)
  2 meliai (D:13)
  A hornet (shapeshifter) (Vaults:2)
  14 tyrant leeches
  33 slime creatures
  2 fire giant simulacra
  9 hippogriffs
  14 blink frogs
  2 raiju (Lair:6)
  11 bog bodies
  63 redbacks
  A stone giant simulacrum (Vaults:2)
  15 tarantellas
  A redback (shapeshifter) (Depths:4)
  4 water elementals
  5 spriggans
  A wyvern (D:9)
  2 ynoxinuls
  A tarantella (shapeshifter) (D:15)
  A yak (shapeshifter) (D:14)
  4 shadows
  45 yaks
  A wraith (D:10)
  4 fire elementals
  A hog (shapeshifter) (D:15)
  6 basilisks
  8 hogs
  A human (D:9)
  A human (shapeshifter) (Vaults:2)
  A chaos spawn (Depths:3)
  A hungry ghost (D:9)
  12 wargs
  5 steam dragons
  A deep troll zombie (Vaults:4)
  11 swamp worms
  6 insubstantial wisps (Swamp:1)
  25 vampire mosquitoes
  8 soldier ants
  8 water moccasins
  14 hell hounds (Lair:6)
  4 acid dragons
  6 porcupines
  5 sky beasts
  12 swamp drakes
  2 floating eyes (Depths:3)
  4 ice beasts
  49 orc warriors
  3 slaves (D:9)
  8 black bears
  An elf zombie (Vaults:3)
  An eye of draining (D:11)
  7 necrophages
  4 phantoms
  17 boggarts
  24 wolves (Lair:6)
  39 ogres
  An ogre (shapeshifter) (Vaults:5)
  22 centaurs
  A human skeleton (Vaults:4)
  11 crocodiles
  5 big kobolds
  21 bullfrogs
  A gnoll sergeant (Orc:2)
  8 earth elementals
  3 scorpions
  11 killer bees
  8 wights
  2 electric eels (Lair:3)
  4 howler monkeys
  8 crimson imps
  3 bullfrog zombies
  3 quasits
  4 centaur zombies
  6 hounds
  25 orc priests
  A gnoll shaman (D:7)
  8 jellies
  27 orc wizards
  3 centaur skeletons
  4 iguanas
  24 worker ants
  A killer bee zombie (D:10)
  A hound zombie (D:6)
  2 hound skeletons
  Robin (D:2)
  11 adders
  8 gnolls
  6 shadow imps
  2 oozes
  6 adder skeletons
  An adder zombie (D:8)
  2 worms
  3 dart slugs
  6 leopard geckos
  106 orcs
  A ball python (D:1)
  7 giant cockroaches
  17 goblins
  14 hobgoblins
  21 jackals
  20 kobolds
  6 quokkas
  8 bats
  3 frilled lizards
  2 jackal zombies
  A quokka skeleton (D:4)
  A quokka zombie (D:6)
  12 rats
  4 crawling corpses
  8 fungi
  9 plants
  A withered plant (D:15)
2222 creatures vanquished.

Vanquished Creatures (collateral kills)
  A juggernaut (Depths:5)
  An ironheart preserver (Vaults:1)
  A yellow draconian (Zot:3)
  A deep elf death mage (Elf:3)
  6 vault guards (Vaults:5)
  6 hydras
  A spriggan berserker (Swamp:4)
  2 swamp dragons (Swamp:4)
  A wolf spider (Vaults:1)
  A moth of wrath (shapeshifter) (Depths:3)
  A moth of wrath (Zot:3)
  A black mamba (Lair:6)
  A vault sentinel (Vaults:1)
  6 yaktaurs
  A tyrant leech (Swamp:1)
  A raiju (Lair:6)
  A bog body (Swamp:4)
  A warg (Lair:6)
  A water moccasin (Lair:1)
  A porcupine (Lair:1)
  2 swamp drakes (Swamp:4)
  4 black bears (Lair:6)
  A crocodile (Lair:6)
  An electric eel (Lair:3)
  An orc (D:10)
45 creatures vanquished.

Vanquished Creatures (others)
  A storm dragon (Vaults:5)
  A frost giant (Depths:1)
  Erica (Lair:1)
  A deep elf knight (Vaults:1)
  A deep elf mage (Elf:1)
  A jumping spider (Spider:4)
  A swamp drake (Swamp:4)
  A slave (D:9)
  A worker ant (D:13)
  A gnoll (Orc:2)
  2 orcs
  4 briar patches (Swamp:1)
  24 fungi
  27 plants
  2 withered plants (D:15)
69 creatures vanquished.

Grand Total: 2336 creatures vanquished

Notes
Turn   | Place    | Note
-------+----------+-------------------------------------------
     0 | D:1      | MilkNation the Minotaur Berserker began the quest for the
                  | Orb.
     0 | D:1      | Reached XP level 1. HP: 19/19 MP: 0/0
   207 | D:1      | Reached XP level 2. HP: 22/26 MP: 1/1
   211 | D:1      | Reached skill level 1 in Throwing
   443 | D:1      | Reached XP level 3. HP: 31/31 MP: 2/2
   852 | D:2      | Reached ** piety under Trog
  1029 | D:2      | Reached skill level 5 in Axes
  1115 | D:2      | Found a white marble altar of Elyvilon.
  1228 | D:2      | Noticed Robin
  1234 | D:2      | Reached XP level 4. HP: 33/39 MP: 3/3
  1241 | D:2      | Killed Robin
  1566 | D:2      | Reached *** piety under Trog
  1876 | D:3      | Reached XP level 5. HP: 13/45 MP: 4/4
  2401 | D:3      | Found a sacrificial altar of Ru.
  2564 | D:3      | Reached **** piety under Trog
  2699 | D:3      | Found a burning altar of Makhleb.
  2813 | D:4      | Noticed an ogre
  2821 | D:4      | Killed an ogre
  2821 | D:4      | Reached XP level 6. HP: 51/51 MP: 5/5
  3858 | D:4      | Reached XP level 7. HP: 57/57 MP: 6/6
  3869 | D:4      | Got a polished ring mail
  3880 | D:4      | Identified the +6 ring mail of Kam Xeak {Str+2 Dex+5
                  | Stlth-} (You found it on level 4 of the Dungeon)
  3909 | D:4      | Found a shimmering blue altar of Sif Muna.
  3924 | D:4      | Found a stormy altar of Qazlal.
  4060 | D:5      | Entered Level 5 of the Dungeon
  4117 | D:5      | Found a staircase to the Ecumenical Temple.
  4474 | D:5      | Found a shadowy altar of Dithmenos.
  4715 | D:6      | Reached skill level 10 in Axes
  4879 | D:6      | Reached XP level 8. HP: 56/63 MP: 7/7
  5431 | D:6      | Reached ***** piety under Trog
  5490 | D:6      | Found a shimmering blue altar of Sif Muna.
  5797 | D:7      | Noticed a hippogriff
  5807 | D:7      | Killed a hippogriff
  5807 | D:7      | Reached skill level 5 in Throwing
  5903 | D:7      | Received a gift from Trog
  6116 | D:7      | Reached XP level 9. HP: 69/69 MP: 8/8
  6460 | D:8      | Found Gusisk's Book Boutique.
  6488 | D:8      | Noticed Harold
  6512 | D:8      | Killed Harold
  6836 | D:9      | Noticed Pikel
  6844 | D:9      | Killed Pikel
  6908 | D:9      | Reached XP level 10. HP: 54/76 MP: 9/9
  7026 | D:9      | Reached XP level 11. HP: 93/93 MP: 10/10
  7027 | D:9      | Reached skill level 10 in Fighting
  7027 | D:9      | Reached XP level 12. HP: 107/107 MP: 11/11
  7209 | D:9      | Found a hazy altar of Hepliaklqana.
  7313 | D:9      | Found Nuiwi's Book Emporium.
  7368 | D:9      | Found a glowing silver altar of Zin.
  7392 | D:9      | Reached skill level 15 in Axes
  7443 | D:9      | Noticed Gastronok
  7458 | D:10     | Entered Level 10 of the Dungeon
  8094 | D:9      | Killed Gastronok
  8296 | D:9      | Found a staircase to the Lair.
  8770 | D:10     | Noticed Sonja
  8791 | D:10     | Killed Sonja
  9076 | D:10     | Noticed Snorg
  9092 | D:10     | Killed Snorg
  9254 | D:10     | Found a transporter.
  9256 | D:10     | Noticed Jaafuafa's ghost (journeyman CeAM)
  9258 | D:10     | Found a transporter.
  9325 | D:10     | Noticed Urug
  9329 | D:10     | Reached skill level 10 in Throwing
  9342 | D:10     | Killed Urug
  9738 | D:10     | Found a staircase to the Orcish Mines.
 10153 | D:11     | Received a gift from Trog
 10158 | D:11     | Found Doseol's Demolitions Depot.
 10162 | D:11     | Noticed a two-headed ogre
 10516 | D:11     | Killed a two-headed ogre
 10903 | D:11     | Reached XP level 13. HP: 59/113 MP: 12/12
 11376 | D:10     | Killed Jaafuafa's ghost
 11386 | D:10     | Got a coiled glass ring
 11395 | D:10     | Identified the ring "Guseytog" {+Fly Int+4} (You found it
                  | on level 10 of the Dungeon)
 11557 | Lair:1   | Entered Level 1 of the Lair of Beasts
 11588 | Lair:1   | Noticed Joseph
 11591 | Lair:1   | Noticed Erica
 11593 | Lair:1   | Killed Joseph
 11599 | Lair:1   | Killed Erica
 12275 | Lair:2   | Found a hole to the Spider Nest.
 12327 | Lair:2   | Received a gift from Trog
 12625 | Lair:2   | Noticed Maggie
 12637 | Lair:2   | Killed Maggie
 15304 | Lair:4   | Reached XP level 14. HP: 121/121 MP: 13/13
 15427 | Lair:4   | Found a staircase to the Swamp.
 16032 | Lair:4   | You fall into a shaft and drop 2 floors!
 16032 | Lair:6   | Entered Level 6 of the Lair of Beasts
 16141 | Lair:6   | Found a runed translucent door.
 16141 | Lair:6   | Found a viscous altar of Jiyva.
 16144 | Lair:6   | Found a staircase to the Slime Pits.
 16890 | Lair:5   | You fall into a shaft and drop 1 floor!
 18098 | Lair:6   | Reached ****** piety under Trog
 18528 | Lair:6   | Received a gift from Trog
 18917 | Orc:1    | Entered Level 1 of the Orcish Mines
 18926 | Orc:1    | Noticed an orc warlord
 19514 | D:10     | Killed an orc warlord
 19523 | Orc:1    | HP: 4/124 [orc warrior/+2 vorpal glaive (4)]
 20072 | Orc:1    | Found a roughly hewn altar of Beogh.
 20142 | Orc:1    | Found Micorph's Armour Shoppe.
 20563 | Orc:2    | Entered Level 2 of the Orcish Mines
 21034 | Orc:1    | Reached XP level 15. HP: 98/131 MP: 14/14
 21817 | Orc:1    | Received a gift from Trog
 21918 | Orc:1    | Reached skill level 10 in Armour
 22318 | Orc:2    | Found a staircase to the Elven Halls.
 22476 | Orc:2    | Found Hiec's Assorted Antiques.
 22496 | Orc:2    | Found Quedaxut's General Store.
 22501 | Orc:2    | Found Canina's Gadget Boutique.
 22502 | Orc:2    | Found Eguset's Antique Weapon Boutique.
 23295 | Orc:2    | Found a roughly hewn altar of Beogh.
 24042 | D:12     | Received a gift from Trog
 24121 | D:12     | Found Ginlumaass's Jewellery Shop.
 25314 | D:13     | Found a transporter.
 25320 | D:13     | Found a transporter.
 25737 | D:13     | Noticed Buchaag's ghost (novice MiMo)
 27192 | D:14     | Found a gate to the Vaults.
 27263 | D:15     | Entered Level 15 of the Dungeon
 27284 | D:15     | Noticed Louise
 27303 | D:15     | Killed Louise
 27409 | D:15     | Noticed Kirke
 27414 | D:15     | Received a gift from Trog
 27421 | D:15     | Killed Kirke
 27421 | D:15     | Reached XP level 16. HP: 145/145 MP: 15/15
 27431 | D:15     | Got a polished battleaxe {god gift}
 27448 | D:15     | Identified the +5 battleaxe of Greatest Utility {vorpal,
                  | rC+ MR++} (Trog gifted it to you on level 15 of the
                  | Dungeon)
 27513 | D:15     | Found a staircase to the Depths.
 27524 | D:15     | Noticed Jorgrun
 27549 | D:15     | Killed Jorgrun
 28817 | Spider:1 | Entered Level 1 of the Spider Nest
 29019 | Spider:1 | Reached skill level 15 in Fighting
 29660 | Spider:1 | Received a gift from Trog
 29959 | Spider:1 | Paralysed by fainting for 11 turns
 30987 | Spider:2 | Noticed Agnes
 30993 | Spider:2 | Noticed Arachne
 31012 | Spider:1 | Killed Agnes
 31603 | Spider:1 | Killed Arachne
 31770 | Spider:2 | Noticed Nikola
 31787 | Spider:2 | Killed Nikola
 32717 | Spider:2 | Received a gift from Trog
 32949 | Spider:3 | Reached XP level 17. HP: 93/157 MP: 16/16
 32999 | Spider:3 | Noticed Bai Suzhen
 33135 | Spider:3 | Noticed Aizul
 33153 | Spider:3 | Killed Aizul
 33371 | Spider:3 | Identified 5 scrolls of acquirement
 33451 | Spider:3 | Acquired a manual of Throwing
 33611 | Spider:3 | Acquired a manual of Dodging
 33613 | Spider:3 | Acquired 350 gold pieces
 33615 | Spider:3 | Acquired 1300 gold pieces
 34067 | Lair:2   | Acquired the ring of Buemob {+Fly rElec rN++ Int-2 SInv}
 34177 | Spider:4 | Entered Level 4 of the Spider Nest
 34362 | Spider:4 | Killed Bai Suzhen
 36137 | Spider:4 | Received a gift from Trog
 36429 | Spider:4 | Got a gossamer rune of Zot
 36807 | Swamp:1  | Entered Level 1 of the Swamp
 38035 | Swamp:1  | Found a transporter.
 38037 | Swamp:1  | Found a transporter.
 39497 | Swamp:2  | Received a gift from Trog
 39905 | Swamp:3  | Reached XP level 18. HP: 162/170 MP: 17/17
 41527 | Swamp:4  | Entered Level 4 of the Swamp
 41531 | Swamp:4  | Reached skill level 10 in Dodging
 42164 | Swamp:4  | Reached skill level 15 in Armour
 42195 | Swamp:4  | Received a gift from Trog
 43146 | Swamp:4  | Got a decaying rune of Zot
 44096 | Vaults:1 | Entered Level 1 of the Vaults
 44315 | Vaults:1 | Lost intelligence.
 44347 | Vaults:1 | HP: 9/253 [vault guard/+0 dire flail[a vault warden] (9)]
 45178 | Vaults:1 | Received a gift from Trog
 45178 | Vaults:1 | Reached XP level 19. HP: 99/178 MP: 18/18
 45200 | Vaults:1 | Got a crude battleaxe {god gift}
 45549 | Vaults:1 | Identified the +1 battleaxe "Orb Guardian's Curse" {vorpal,
                  | rF- rC+ Dex+6} (Trog gifted it to you on level 1 of the
                  | Vaults)
 46600 | Vaults:2 | Reached skill level 15 in Throwing
 46629 | Vaults:2 | Noticed Asterion
 46636 | Vaults:2 | Killed Asterion
 46636 | Vaults:2 | Noticed Boris
 46655 | Vaults:2 | Killed Boris
 46919 | Vaults:2 | Got a sparkling wooden ring
 47057 | Vaults:2 | Identified the ring "Moruskig" {Ice rN+ Str+2 Stlth-} (You
                  | found it on level 2 of the Vaults)
 47117 | Vaults:2 | Received a gift from Trog
 47204 | Vaults:2 | Noticed Xtahua
 47212 | Vaults:2 | Killed Xtahua
 48349 | Vaults:3 | Received a gift from Trog
 48797 | Vaults:3 | Noticed Sojobo
 48811 | Vaults:3 | Killed Sojobo
 48811 | Vaults:3 | Reached XP level 20. HP: 189/189 MP: 19/19
 49062 | Vaults:3 | Found Gozag's Antique Weapon Boutique.
 49438 | Vaults:3 | Found an opulent altar of Gozag.
 49438 | Vaults:3 | Found Gozag's Assorted Antiques.
 49446 | Vaults:3 | Found Gozag's Assorted Antiques.
 49517 | Vaults:3 | Received a gift from Trog
 49811 | Vaults:3 | Found a staircase to the Crypt.
 50827 | Vaults:4 | Identified the cursed +1 arbalest of the Equator {vorpal,
                  | rElec}
 50936 | Vaults:4 | Reached skill level 15 in Dodging
 51258 | Vaults:4 | Noticed Mennas
 51299 | Vaults:4 | Killed Mennas
 51472 | Vaults:4 | Received a gift from Trog
 51951 | Vaults:4 | Found a portal to a secret trove of treasure.
 52007 | Vaults:4 | Received a gift from Trog
 52245 | Vaults:4 | Reached XP level 21. HP: 200/200 MP: 20/20
 52255 | Vaults:4 | Found an opulent altar of Gozag.
 52473 | Vaults:4 | Reached skill level 27 in Axes
 53009 | Orc:2    | Bought a runed demon blade for 666 gold pieces
 53591 | Elf:1    | Entered Level 1 of the Elven Halls
 54110 | Elf:1    | Received a gift from Trog
 54315 | Elf:1    | Identified Ydiga's Incunabulum of Confrontation
 54651 | Elf:2    | Received a gift from Trog
 55017 | Elf:2    | Found Zypnyom's Magic Scroll Shoppe.
 55025 | Elf:2    | Bought a scroll of enchant weapon for 120 gold pieces
 55025 | Elf:2    | Bought a scroll of enchant armour for 120 gold pieces
 56098 | Swamp:1  | Got a vibrating bronze ring
 56622 | Vaults:4 | You paid a toll of a +5 demon blade to enter a treasure
                  | trove
 56623 | Trove    | Entered a treasure trove
 56630 | Trove    | Identified the ring of Understanding {rN+ Str+5 Stlth+}
                  | (You found it on level 1 of the Swamp)
 57353 | Elf:2    | Found a runed translucent gate.
 57353 | Elf:2    | Found a runed translucent gate.
 57353 | Elf:2    | Found a runed translucent gate.
 57643 | Elf:2    | Received a gift from Trog
 58004 | Elf:3    | Entered Level 3 of the Elven Halls
 58094 | Elf:3    | Found Jotanamu's Gadget Shop.
 58116 | Elf:3    | Found Gisisic's Weapon Boutique.
 58391 | Elf:3    | Found Zeowkuijut's Book Shoppe.
 58464 | Elf:3    | Found Bachil's General Store.
 58656 | Elf:3    | Found Puop's Assorted Antiques.
 58816 | Elf:3    | Reached XP level 22. HP: 136/215 MP: 21/21
 59287 | Elf:3    | Cast into level 4 of the Abyss (+1 long sword of
                  | distortion)
 59346 | Elf:3    | Escaped the Abyss
 59751 | Elf:3    | Identified the cursed +3 trident "Udijaete" {flame,
                  | *Corrode +Inv MR++ Dex+4}
 59751 | Elf:3    | Identified the amulet of Qoifogaf {Regen+ Str+7 Int+4}
 59754 | Elf:3    | Received a gift from Trog
 59789 | Elf:3    | Gained mutation: Armour fits poorly on your strangely
                  | shaped body. [a cacodemon]
 60218 | Elf:3    | Identified the Collected Works on the Rocks
 60822 | Depths:1 | Entered Level 1 of the Depths
 61169 | Depths:1 | Noticed Saint Roka
 61170 | Depths:1 | Noticed an ancient lich
 61203 | Depths:1 | Noticed an ancient lich
 61452 | Depths:1 | Noticed an ancient lich
 61492 | Depths:1 | Noticed Mara
 61571 | Depths:1 | Noticed MilkNation's illusion
 61582 | D:15     | Killed Saint Roka
 61833 | Depths:1 | Found a gateway to a ziggurat.
 61836 | Depths:1 | Noticed MilkNation's illusion
 61839 | Depths:1 | Killed Mara
 62075 | Depths:1 | Received a gift from Trog
 62147 | Depths:1 | Killed an ancient lich
 62148 | Depths:1 | Killed an ancient lich
 62153 | Depths:1 | Killed an ancient lich
 62577 | Depths:1 | Found a one-way gate leading to the halls of Pandemonium.
 62622 | Depths:1 | Found a snail-covered altar of Cheibriados.
 62662 | Depths:1 | Found a gateway to Hell.
 62982 | Depths:2 | Identified Sif Muna's Almanac of Icy Augmentations
 63257 | Depths:2 | Noticed Boris
 64134 | Depths:2 | Found a one-way gate to the infinite horrors of the Abyss.
 64612 | Depths:2 | Reached XP level 23. HP: 229/229 MP: 22/22
 65173 | Depths:3 | Paralysed by a floating eye for 2 turns
 65180 | Depths:3 | Received a gift from Trog
 66882 | Depths:3 | Paralysed by a floating eye for 3 turns
 67821 | Depths:4 | Received a gift from Trog
 68631 | Depths:5 | Entered Level 5 of the Depths
 68658 | Depths:5 | Found Wupuigiu's Jewellery Shop.
 68659 | Depths:5 | Found Ujaocsat's Gadget Emporium.
 68659 | Depths:5 | Found Ishoe's Gadget Emporium.
 68710 | Depths:5 | Noticed a juggernaut
 68724 | Depths:5 | Killed a juggernaut
 69247 | Depths:5 | Received a gift from Trog
 69261 | Depths:5 | Reached XP level 24. HP: 245/245 MP: 22/22
 69287 | Depths:5 | Got a transparent battleaxe {god gift}
 69794 | D:13     | Killed Buchaag's ghost
 70073 | D:14     | Identified the +4 battleaxe of Evil {vorpal, MR+ Stlth+}
                  | (Trog gifted it to you on level 5 of the Depths)
 70350 | Vaults:5 | Entered Level 5 of the Vaults
 70401 | Vaults:5 | Received a gift from Trog
 70407 | Vaults:5 | Got a dazzling executioner's axe {god gift}
 70477 | Vaults:5 | Identified the +9 executioner's axe of Gloom {antimagic,
                  | *Noise rElec SInv} (Trog gifted it to you on level 5 of the
                  | Vaults)
 70485 | Vaults:5 | Got an ancient marble ring
 70519 | Vaults:5 | Reached skill level 27 in Fighting
 70527 | Vaults:5 | Identified the ring "Xejot" {rN+ Str+4} (You found it on
                  | level 5 of the Vaults)
 70877 | Vaults:5 | Got a silver rune of Zot
 71043 | Vaults:5 | Identified the ring "Giagit" {*Contam Str+6 Int+5}
 71073 | Vaults:5 | Received a gift from Trog
 71514 | Vaults:5 | Noticed an ancient lich
 71525 | Vaults:5 | Killed an ancient lich
 71534 | Vaults:5 | Reached XP level 25. HP: 255/257 MP: 22/22
 71889 | Vaults:5 | Identified the ring "Kauniuni" {rPois MR- MP+9 Str+4
                  | Stlth+}
 71889 | Vaults:5 | Identified the amulet of Sophism {rElec Regen+ Int+6}
 71931 | Vaults:5 | Found the +2 cloak of the Thief {+Fog Slay-2 SInv Stlth+}
 72366 | Vaults:5 | Found the brooch of Shielding {Spirit SH+8}
 72557 | Vaults:5 | Got a heavily runed iron amulet
 72572 | Vaults:5 | Identified the Papyrus of Poisonous Aid
 72583 | Vaults:5 | Identified Waly's Foundations of Theurgy
 72820 | Vaults:1 | Identified the amulet of Looceih {Spirit *Slow Dex+4} (You
                  | found it on level 5 of the Vaults)
 73339 | Depths:5 | Found a gate to the Realm of Zot.
 73483 | Zot:1    | Entered Level 1 of the Realm of Zot
 73590 | Zot:1    | Received a gift from Trog
 73960 | Zot:1    | Got a brightly glowing great sword
 73970 | Zot:1    | Identified the +9 great sword of Jiec {venom, Str+2} (You
                  | found it on level 1 of the Realm of Zot)
 75451 | Zot:2    | Lost mutation: Armour fits poorly on your strangely shaped
                  | body. [potion of mutation]
 75451 | Zot:2    | Gained mutation: You possess an exceptional clarity of
                  | mind. [potion of mutation]
 75451 | Zot:2    | Gained mutation: Your natural rate of healing is unusually
                  | fast. [potion of mutation]
 75451 | Zot:2    | Gained mutation: You are resistant to electric shocks.
                  | (rElec) [potion of mutation]
 75714 | Zot:3    | Received a gift from Trog
 75869 | Zot:3    | Reached XP level 26. HP: 266/266 MP: 22/22
 75869 | Zot:3    | Reached skill level 27 in Armour
 75910 | Zot:3    | Mangled by a golden dragon

Illustrated notes

Levels and vault maps discovered:
D:1:      heliophobic_arrival_dark_side_of_the_moon, layout_basic
D:2:      layout_loops_ring, lemuel_crystal_altar, minmay_pentomino_s4,
          uniq_robin
D:3:      layout_loops_ring, lemuel_coloured_pillars_altar,
          nicolae_ru_the_path_less_chosen
D:4:      layout_basic, minitemple, nrook_mini_backslash
D:5:      layout_basic, grunt_dithmenos_shadows, minmay_temple_entry_arrows,
          first_ration
D:6:      kennysheep_orc_sif_temple, layout_gridville
D:7:      layout_rooms
D:8:      layout_rooms, serial_shops, shop, uniq_harold
D:9:      layout_loops_ring, nicolae_overflow_hidden_temple,
          lemuel_crystal_altar, grunt_lair_entry_orc_guard_hut, serial_shops,
          nicolae_shop_crystal, grunt_livestock, uniq_pikel, uniq_gastronok
D:10:     layout_loops_ring, orc_0_dummy, gammafunk_ghost_mausoleum, uniq_snorg,
          uniq_urug, uniq_sonja
D:11:     layout_cross, nicolae_blasting_shop
D:12:     layout_layer_cave, serial_shops, shop
D:13:     layout_cave_pools, special_room [special_room_orc],
          gammafunk_ghost_hive, portal_ice_cave_entry_pillars_2
D:14:     layout_loops_ring, hangedman_vaults_entry_quadrant_bands,
          minmay_misc_feat_more_columns, minmay_strange_pillars
D:15:     gammafunk_depths_entry_grave, layout_basic, nicolae_wwwww, uniq_kirke,
          uniq_louise, uniq_jorgrun
Lair:1:   layout_gridlike, cheibrodos_lair_reptile_den, uniq_erica, uniq_joseph
Lair:2:   layout_cave_pods, spider_nest_entry_a, chequers_serial_rivers_micro_b,
          serial_bayou_pond_a, pond, minmay_lair_oklob_chamber, uniq_maggie
Lair:3:   layout_chaotic_city, lemuel_fruit_tree, serial_bayou_shore_b,
          serial_bayou_shore_a
Lair:4:   layout_cave_pods, swamp_mist, grunt_megastairs_5
Lair:5:   layout_cave_pods, basic_altar, nicolae_lair_yak_garden
Lair:6:   hangedman_lair_caniforms_friends, layout_regular_city,
          guppyfry_lair_end_dragon, slime_altar_2
Swamp:1:  gammafunk_the_bubble [the_bubble_gammafunk_plus_minus],
          layout_basic_swamp, nicolae_swamp_feature_on_the_river_bank
Swamp:2:  cheibrodos_swamp_heart_of_darkness, layout_falls_marsh,
          hangedman_swamp_lotus
Swamp:3:  layout_basic_swamp, evilmike_swamp_ruin_rubble_2, roderic_carrion_pond
Swamp:4:  swamp_basic_johnstein, layout_basic_swamp
Spider:1: layout_spider_delve, minmay_another_anthill
Spider:2: layout_spider_delve, hangedman_stitches_earthworm, uniq_arachne,
          uniq_nikola, uniq_agnes
Spider:3: layout_spider_delve, uniq_bai_suzhen, uniq_aizul
Spider:4: grunt_spider_rune_circles
Orc:1:    layout_caves, serial_shops, nicolae_shop_behind_doors, basic_altar,
          nicolae_orc_flooded_monolith, rock_pile
Orc:2:    st_orc_open, layout_caves, minmay_orc_temple_c
Elf:1:    eino_elf_arrival_shootout, layout_gridlike, minmay_elf_annihilation,
          patterned_corridor
Elf:2:    layout_geoelf_diagonals, serial_shops, shop, due_unseen_surprise
Elf:3:    minmay_elf_hall_spiked, layout_loops_corners, serial_shops,
          nicolae_shop_temple_entry_statues_fountains,
          nicolae_shop_competitors_out_of_business, nicolae_shop_waterfront,
          shop, shop
Vaults:1: vaults_room_door_ring, nicolae_vaults_minivaults,
          hangedman_vaults_corner_blocks, hangedman_vaults_trim,
          hangedman_vaults_snaps, nicolae_vaults_little_squares_4,
          nicolae_vaults_sealed_display, layout_vaults_omnigrid, serial_glass
Vaults:2: nicolae_vaults_border_crossing, nicolae_vaults_little_squares_2,
          v_misc_11, v_misc_27, vaults_room_octagon, st_quartered_hall,
          grunt_vaults_focal, hangedman_vaults_restitches,
          nicolae_vaults_network_star, ontoclasm_vaults_shuriken,
          grunt_vaults_twisty, v_alt_pattern_4, vaults_room_semicircle,
          layout_vaults_ring, uniq_boris, uniq_asterion, uniq_xtahua
Vaults:3: nicolae_vaults_network_square, minmay_crypt_entry_simple_corners,
          nicolae_vaults_little_ls, kennysheep_vaults_gozag_temple,
          v_alt_pattern_1, nicolae_vaults_rhombus_6, nicolae_vaults_theta,
          nicolae_vaults_stairing_the_circle, vaults_room_boxed, v_misc_19,
          grunt_vaults_hallway_short, layout_vaults_big_cross, uniq_sojobo
Vaults:4: vaults_standard_mumra_enter_the_diamond, v_misc_8, v_alt_pattern_6,
          v_misc_11, nicolae_vaults_specimen_jars, v_misc_13,
          nicolae_vaults_murderbox, vaults_room_pool,
          nicolae_vaults_yaktaur_gun_rack, v_alt_pattern_2, v_misc_25,
          v_misc_23, ontoclasm_vaults_ring_small, layout_vaults_maze_snakey,
          nicolae_trove_entry_columns, basic_altar, uniq_mennas
Vaults:5: serial_shops
Depths:1: layout_cave_shapes, enter_ziggurat_d, rand_demon_pan_entry_7,
          chequers_jeans, hell_entry, hangedman_decor_riveting,
          cheibriados_altar_1, uniq_saint_roka, uniq_mara
Depths:2: minmay_the_grid_octo_triangle [minmay_the_grid_octo_empty,
          minmay_the_grid_octo_prize_ultimate_mussel_roller,
          minmay_the_grid_octo_odd_swirl], layout_basic, hell_entry,
          abyss_entry, lemuel_another_geyser, infiniplex_staircase_pool_2
Depths:3: hangedman_cross_stitches, layout_basic, grunt_mini_vestibule,
          rand_demon_pan_entry_1, minmay_misc_feat_five,
          chequers_serial_rivers_marsh, minmay_starry_boxes,
          minmay_staircase_bubble
Depths:4: minmay_tri_box, layout_small_grid, abyss_entry, hell_entry,
          serial_sigils_hangedman_carve
Depths:5: evilmike_zot_entry_round, layout_cave_shapes, hell_entry,
          corexii_hall_statues_l, minmay_shop_grove
Zot:1:    layout_twisted_circle
Zot:2:    layout_onion, zot_minivault_2
Zot:3:    layout_twisted_circle

Skill      XL: |  1  2  3  4  5  6  7  8  9 10 11 12 13 14 15 16 17 18 19 20 21 22 23 24 25 26 |
---------------+-------------------------------------------------------------------------------+-----
Axes           | 4 5 6 7 8 10 12 14 17 20 21 22 23 24 25 26 27 | 27.0
Throwing       | 1 2 3 4 5 6 9 10 11 13 14 16 17 18 19 | 19.2
Fighting       | 7 10 11 14 16 17 18 19 22 24 26 27 | 27.0
Armour         | 7 9 11 13 14 15 16 17 19 20 21 24 26 27 | 27.0
Dodging        | 6 9 11 14 15 | 15.2

Action                   |  1- 3 |  4- 6 |  7- 9 | 10-12 | 13-15 | 16-18 | 19-21 | 22-24 | 25-27 || total
-------------------------+-------+-------+-------+-------+-------+-------+-------+-------+-------++-------
Melee: Hand axe          |    83 |   171 |    64 |       |       |       |       |       |       ||   318
       Headbutt          |    14 |    33 |    65 |    62 |   158 |   288 |   251 |   232 |   114 ||  1217
       Battleaxe         |       |       |   168 |   255 |   927 |   749 |       |       |       ||  2099
       Executioner's axe |       |       |       |       |       |   490 |  1089 |   889 |   414 ||  2882
Throw: Stone             |       |     6 |       |       |       |       |       |       |       ||     6
       Dart              |       |       |       |     6 |       |    18 |     7 |     4 |       ||    35
       Javelin           |       |       |       |       |     4 |     8 |    10 |    10 |       ||    32
       Boomerang         |       |       |       |       |       |    29 |       |     2 |       ||    31
Invok: Berserk           |       |     3 |     3 |     4 |    13 |    16 |    10 |    11 |     2 ||    62
       Brothers in Arms  |       |       |       |     1 |     7 |    11 |       |     8 |     1 ||    28
       Trog's Hand       |       |       |       |       |       |     4 |       |     3 |       ||     7
Evoke: Wand              |       |       |       |       |       |     1 |     1 |     1 |       ||     3
  Use: Scroll            |       |       |     7 |     5 |    15 |    22 |     8 |     8 |     4 ||    69
       Potion            |       |       |       |     2 |     2 |     6 |       |     3 |     3 ||    16
 Stab: Distracted        |       |       |       |       |     2 |     1 |       |     2 |       ||     5
       Held in net/web   |       |       |       |       |       |     1 |       |       |       ||     1
       Confused          |       |       |       |       |       |       |     1 |       |       ||     1
  Eat: Chunk             |     1 |    10 |    13 |    14 |    59 |    48 |    46 |    31 |     9 ||   231
       Ration            |       |       |       |     1 |     2 |     9 |     2 |     7 |     2 ||    23
Armor: Ring mail         |    17 |       |    71 |   160 |     6 |       |       |       |       ||   254
       Plate armour      |    14 |    86 |       |       |       |       |       |       |       ||   100
       Gold dragon scale |       |       |       |       |   685 |  1143 |   488 |   663 |   266 ||  3245
       Skin              |       |       |       |       |       |    26 |       |       |     8 ||    34
Dodge: Dodged            |    41 |    59 |    96 |   204 |   366 |   530 |   377 |   494 |   202 ||  2369
       Repelled          |       |       |       |       |       |       |     5 |    12 |     2 ||    19
Block: Other             |       |       |    41 |    74 |   212 |   293 |   171 |   192 |    55 ||  1038
       Reflection        |       |       |     1 |    10 |    19 |     4 |    27 |    25 |       ||    86
